[Event "Early-Titled-Tuesday-Blitz-May-28-2024"]
[Site "Chess.com"]
[Date "2024.05.28"]
[Round "10"]
[White "dropstoneDP"]
[Black "eagleclaw07"]
[Result "1-0"]
[WhiteElo "2978"]
[BlackElo "2853"]
[TimeControl "180+1"]
[EndTime "9:58:53 PDT"]
[Termination "dropstoneDP won by resignation"]

1. e4 c5 2. Nf3 d6 3. d4 cxd4 4.
Nxd4 Nf6 5. Nc3 Nc6 6. Bg5 e6 7. Qd2 a6 8. Nxc6 bxc6 9. O-O-O Be7 10. Bxf6 gxf6 11. Bc4 a5 12. Bb3 Bd7 13. Kb1 Rb8 14.
Rhe1 c5 15. f4 Rb4 16. Qe2 a4 17. a3 axb3 18. axb4 cxb4 19. Nb5 Qa5 20. Nxd6+ Bxd6 21. Rxd6 Qa2+ 22. Kc1 Qa1+ 23. Kd2 Qxb2 24. Qd3 bxc2 25. Rc1 Qc3+ 26. Qxc3 bxc3+ 27. Kxc2 Ke7 28. Rd3 Bc6 29. Re1 Ra8 30. Rxc3 Ra6 31. Kd2 Kd6 32. Ke3 e5 33. fxe5+ fxe5 34. Kf2 Ra2+ 35. Kg1 Ba8 36. Rf3 Ra7 37.
Rh3 f6 38. Rh6 Ke6 39. g4 Ra4 40. g5 Bxe4 41. Rxf6+ Ke7 42. h4 Bg6 43. Rxe5+ Kd7 44. Rb5 Rxh4 45. Rb7+ Kc8 46. Rg7 Rg4+ 47. Kf2 Rd4 48.
Rf8+ Rd8 49. Rxd8+ Kxd8 50. Ke3 Ke8 51. Kf4 Kf8 52. Rc7 Bf7 53. Ke5 Kg7 54. Kf5 Kf8 55.
Kf6 Bg6 56. Rc8+ Be8 57. Rb8 h6 58. g6 h5 59. g7+ Kg8 60. Rxe8+ 1-0

[Event "Early-Titled-Tuesday-Blitz-May-28-2024"]
[Site "Chess.com"]
[Date "2024.05.28"]
[Round "10"]
[White "rhungaski"]
[Black "Losingexperience"]
[Result "1/2-1/2"]
[WhiteElo "2602"]
[BlackElo "2759"]
[TimeControl "180+1"]
[EndTime "9:58:53 PDT"]
[Termination "Game drawn by repetition"]

1. d4 Nf6 2. c4 g6 3. Nc3 Bg7 4. Nf3 O-O 5. Bg5 d6 6. e3 Nbd7 7. Be2 b6 8. O-O Bb7 9. Qc2 a6 10. Rfd1 h6 11. Bh4 Qe8 12. a3 e5 13. dxe5 Nxe5 14.
Nd5 Nxd5 15. cxd5 Qd7 16. Rac1 Rac8 17. Nd4 c5 18. dxc6 Nxc6 19. Nxc6 Rxc6 20. Qd2 Rxc1 21. Rxc1 Rc8 22. Rxc8+ Qxc8 23. Bg3 Be5 24. b4 Qe6 25.
Qc2 a5 26. b5 Kg7 27. a4 Bd5 28. Bd1 Bxg3 29. hxg3 Qe4 30. Qc3+ Qe5 31. Qd2 Bc4 32.
g4 d5 33. f4 Qd6 34. Qd4+ Qf6 35. g5 Qxd4 36. exd4 hxg5 37. fxg5 f6 38. gxf6+ Kxf6 39. Kf2 Bd3 40. Ke3 Be4 41. g3 Kf5 42. Bb3 g5 43.
Kf2 Bb1 44. Ke3 Kg4 45. Kf2 Be4 46. Bd1+ Kf5 47. Bb3 Ke6 48. Ke3 Bf5 49. Bd1 Be4 50. Bb3 Bh1 51. Bc2 Kf6 52. Bb3 Kf5 53. Bc2+ Kg4 54.
Kf2 Bf3 55. Bb3 Be4 56. Bd1+ Kf5 57. Bb3 1/2-1/2

[Event "Early-Titled-Tuesday-Blitz-May-28-2024"]
[Site "Chess.com"]
[Date "2024.05.28"]
[Round "10"]
[White "ManMish2"]
[Black "jaskol95"]
[Result "0-1"]
[WhiteElo "2664"]
[BlackElo "2539"]
[TimeControl "180+1"]
[EndTime "9:58:53 PDT"]
[Termination "jaskol95 won by resignation"]

1. e4 d5 2. exd5 Nf6 3. d4 Bg4 4. f3 Bf5 5. c4 e6 6. g4 Nxg4 7. fxg4 Qh4+ 8. Kd2 Qf2+ 9. Be2 Be4 10. Nc3 Bxh1 11.
Kc2 Bb4 12. Nh3 Qxh2 13. Ng5 Bxc3 14. bxc3 h6 15. Nxe6 fxe6 16. dxe6 Bf3 17. Kd3 Bxe2+ 18. Qxe2 Qxe2+ 19. Kxe2 Nc6 20. Bf4 O-O-O 21. d5 Na5 22. Kd3 h5 23. gxh5 Rxh5 24. Rg1 Nxc4 25. Rxg7 Nd6 26.
c4 Rf8 27. Bg3 b6 28. Kc3 Ne4+ 29. Kb4 Nxg3 30. Rxg3 Rh4 31. Kb5 Kb7 32. Rg7 Rff4 33. Kb4 Rxc4+ 34. Kb3 Rcd4 35. Rd7 Rhe4 36. Kc3 Rd1 37.
e7 Rde1 38. d6 Kc6 39. Rd8 cxd6 40. Rc8+ Kd5 41. Ra8 Rxe7 42. Kd3 R1e2 43. Kc3 a5 44. Kb3 R7e3+ 45. Ka4 Rxa2+ 46. Kb5 Rb3+ 47. Ka6 a4 48.
Rh8 Re3 49. Rh5+ Re5 50. Rh3 a3 51. Kxb6 Rb2+ 52. Ka7 a2 53. Ra3 Re1 54. Ra5+ Ke6 55. Ka6 a1=Q 0-1

[Event "Early-Titled-Tuesday-Blitz-May-28-2024"]
[Site "Chess.com"]
[Date "2024.05.28"]
[Round "10"]
[White "Cayse"]
[Black "kleinebeer98"]
[Result "1-0"]
[WhiteElo "2848"]
[BlackElo "2963"]
[TimeControl "180+1"]
[EndTime "9:58:54 PDT"]
[Termination "Cayse won by resignation"]

1. e4 e5 2. Nf3 Nc6 3. Nc3 Nf6 4. a4 Bb4 5. Bd3 O-O 6. O-O Re8 7. Re1 g6 8. Nd5 Bf8 9. c3 d6 10. Bc4 Be6 11.
Ng5 Bxd5 12. exd5 Ne7 13. Qb3 h6 14. Nf3 Nf5 15. d3 Rb8 16. Qa2 Bg7 17. h3 a6 18. a5 Qd7 19. Re2 e4 20. dxe4 Nxe4 21. Bf4 Re7 22. Rae1 Rbe8 23. Qb1 Nf6 24. Rxe7 Rxe7 25.
Rxe7 Nxe7 26. Qd3 Qa4 27. b4 Qa1+ 28. Kh2 Nh5 29. Bd2 Nf6 30. g3 Nf5 31. Kg2 Nd7 32.
g4 Ne7 33. Qe3 Ne5 34. Nxe5 Bxe5 35. f4 Bf6 36. Bb3 Qb1 37. c4 Qb2 38. Kf3 Kf8 39.
Ba4 Qa1 40. Bc2 Qh1+ 41. Kg3 h5 42. g5 Bg7 43. Qe1 Qxe1+ 44. Bxe1 Bd4 45. Bd3 f6 46.
gxf6 Bxf6 47. c5 Bd4 48. c6 bxc6 49. dxc6 Nxc6 50. Bxa6 Ne7 51. Bb7 Nf5+ 52. Kf3 Ba7 53. Ke4 Ne7 54. b5 Ng8 55. Bc3 Nf6+ 56. Bxf6 Kf7 57.
Bd4 1-0

[Event "Early-Titled-Tuesday-Blitz-May-28-2024"]
[Site "Chess.com"]
[Date "2024.05.28"]
[Round "10"]
[White "Galileo22"]
[Black "JaloliddinIlkhomi"]
[Result "1/2-1/2"]
[WhiteElo "2636"]
[BlackElo "2790"]
[TimeControl "180+1"]
[EndTime "9:58:54 PDT"]
[Termination "Game drawn by repetition"]

1. e4 e6 2. d4 d5 3. Nc3 Bb4 4.
e5 c5 5. a3 Bxc3+ 6. bxc3 Qa5 7. Bd2 Qa4 8. Qb1 c4 9. h4 Nc6 10. Rh3 Nge7 11. h5 h6 12. Rg3 Nf5 13. Rg4 Bd7 14.
Rf4 Rf8 15. Kd1 O-O-O 16. g4 Nfe7 17. Rf3 Ng8 18. Rg3 f6 19. exf6 Nxf6 20. f3 e5 21. dxe5 Nxe5 22. Bg2 Nd3 23. Ne2 Rde8 24. Nd4 Kb8 25.
Qa2 Ka8 26. Rb1 Re7 27. Bf1 Ne4 28.
Bxd3 Nxg3 29. Bg6 Nf1 30. Kc1 Nxd2 31. Kxd2 Rf6 32. Qb2 Rb6 33. Qa1 Rxb1 34. Qxb1 Qxa3 35. Qg1 Qd6 36. Qf2 Qf4+ 37. Kd1 Ba4 38. Ne2 Qe5 39. f4 Bxc2+ 40. Bxc2 Qd6 41. Nd4 Qa3 42. Kd2 Qd6 43.
g5 a6 44. gxh6 Qxh6 45. Nf5 Qf6 46. Nxe7 Qxe7 47. Qd4 Qf7 48. f5 Qxh5 49. Qxd5 Qg5+ 50. Kd1 Qg1+ 51. Kd2 Qg5+ 52. Kd1 Qg1+ 53. Kd2 Qg5+ 1/2-1/2

[Event "Early-Titled-Tuesday-Blitz-May-28-2024"]
[Site "Chess.com"]
[Date "2024.05.28"]
[Round "10"]
[White "chrisclaireredfield"]
[Black "djokovic74"]
[Result "1-0"]
[WhiteElo "2572"]
[BlackElo "2723"]
[TimeControl "180+1"]
[EndTime "9:58:55 PDT"]
[Termination "chrisclaireredfield won by resignation"]

1. Nf3 Nf6 2. g3 e6 3. Bg2 d5 4. O-O Be7 5. d4 O-O 6. c4 a5 7.
b3 a4 8. bxa4 Bd7 9. Nc3 Ne4 10.
Nxe4 dxe4 11. Nd2 Bxa4 12. Nb3 f5 13. Bb2 Nc6 14. d5 Na5 15. Rc1 exd5 16. Qxd5+ Qxd5 17. cxd5 Bd6 18. Nd4 Bd7 19. g4 g6 20. gxf5 gxf5 21.
Kh1 Kf7 22. Bh3 Be5 23. Ba1 Kf6 24. f4 exf3 25. Rxf3 Ke7 26. Nxf5+ Bxf5 27. Bxe5 Be4 28. Rxc7+ Kd8 29. Rd7+ Ke8 30. Bd6 Bxf3+ 31. exf3 Rf7 32.
Rxf7 Kxf7 33. Be6+ Kf6 34. Bb4 Nc4 35. a3 Ke5 36.
Kg2 Nxa3 37. Bc3+ Kd6 38. Bb4+ Kc7 39. d6+ Kc6 40. d7 Nb5 41. Be7 Nc7 42. Bf5 Ra2+ 43. Kg3 Rd2 44. d8=Q Rxd8 45. Bxd8 Na6 46. Bg5 b5 47.
Bxh7 b4 48. h4 b3 49. h5 Nc5 50. h6 Kd5 51. Bb1 Na4 52. h7 Nc3 53. h8=Q Nxb1 54. Qb2 1-0

[Event "Early-Titled-Tuesday-Blitz-May-28-2024"]
[Site "Chess.com"]
[Date "2024.05.28"]
[Round "10"]
[White "frankshar"]
[Black "viktorskliarov"]
[Result "0-1"]
[WhiteElo "2497"]
[BlackElo "2631"]
[TimeControl "180+1"]
[EndTime "9:58:57 PDT"]
[Termination "viktorskliarov won by resignation"]

1. d4 Nf6 2. c4 e6 3. g3 c5 4.
d5 exd5 5. cxd5 b5 6. Bg2 d6 7.
Nf3 g6 8. O-O Bg7 9. Re1 O-O 10.
e4 Bg4 11. h3 Bxf3 12. Qxf3 Nbd7 13. Bf4 Qc7 14. a4 b4 15. Nd2 Nh5 16. Nc4 Nxf4 17.
Qxf4 Ne5 18. Nxe5 Bxe5 19. Qd2 c4 20. Rac1 c3 21. bxc3 bxc3 22. Qd3 Qc5 23. Re2 Rab8 24. Kh2 Rfd8 25. f4 Bd4 26. Rec2 Rb4 27. a5 f6 28. a6 Rdb8 29. h4 Rb2 30. h5 Rxc2 31. Rxc2 Kg7 32. Bf3 Rb2 33. Bd1 Qb6 34. Rxb2 cxb2 35. Bc2 Bg1+ 36. Kh3 Qf2 37. hxg6 hxg6 38. Kg4 Qh2 39. Kf3 Bf2 40. Qd1 Qxg3+ 41. Ke2 Qe3+ 42. Kf1 Qxf4 43. Ke2 Bc5 44. Kd3 Qe3+ 45. Kc4 Qa3 46. Kb5 Qb4+ 47. Kc6 Qb6+ 48. Kd7 Qxa6 49. Qh1 Qb7+ 50.
Kd8 Qb8+ 51. Kd7 Bb6 52. Kc6 Qc7+ 53. Kb5 Qxc2 54. Qh3 b1=Q+ 55. Ka6 Qca2+ 0-1

[Event "Early-Titled-Tuesday-Blitz-May-28-2024"]
[Site "Chess.com"]
[Date "2024.05.28"]
[Round "10"]
[White "Navyblue1"]
[Black "zverr1"]
[Result "0-1"]
[WhiteElo "2246"]
[BlackElo "2583"]
[TimeControl "180+1"]
[EndTime "9:58:58 PDT"]
[Termination "zverr1 won by resignation"]

1. d4 d5 2. c4 dxc4 3. e4 b5 4. a4 c6 5. Nc3 b4 6. Nb1 Nf6 7. e5 Nd5 8. Bxc4 e6 9. Nf3 a5 10. O-O Be7 11. b3 Ba6 12. Qc2 Qd7 13. Rd1 O-O 14. Nbd2 Nc3 15. Re1 c5 16. Bxa6 Nxa6 17. dxc5 Bxc5 18. Ne4 Nxe4 19. Qxe4 Nc7 20. Be3 Bxe3 21.
Rxe3 Rfd8 22. Rae1 Rac8 23. Ng5 g6 24. Qh4 h5 25.
Ne4 Nd5 26. Rd3 Qe7 27. Nf6+ Nxf6 28. exf6 Qf8 29. Rde3 Rc3 30. h3 Rdd3 31. Rxd3 Rxd3 32. Re3 Qd6 33. Rxd3 Qxd3 34. Qf4 Qc3 35. Qb8+ Kh7 36. Qb7 Qa1+ 37. Kh2 Qxf6 38. Qa7 Kg7 39. Qxa5 Qf4+ 40.
Kg1 Qc1+ 41. Kh2 Qf4+ 42. Kg1 Qd4 43. Qb5 Qd1+ 44. Kh2 Qxb3 45. Qe5+ Kg8 46. Qb8+ Kh7 47. Qf4 e5 48. Qxe5 Qxa4 49. Qe7 Qb3 50. Qb7 Qc4 51.
f4 Qxf4+ 52. Kh1 Qc4 53. Kh2 b3 54. Kh1 Qc1+ 55. Kh2 Qf4+ 56. Kh1 Qc4 57. Kh2 Qe6 58. Kh1 Kg7 59. Kh2 Qe5+ 60. Kh1 b2 0-1

[Event "Early-Titled-Tuesday-Blitz-May-28-2024"]
[Site "Chess.com"]
[Date "2024.05.28"]
[Round "10"]
[White "mostafa_sakha"]
[Black "emeli_chess"]
[Result "1-0"]
[WhiteElo "2322"]
[BlackElo "2421"]
[TimeControl "180+1"]
[EndTime "9:58:59 PDT"]
[Termination "mostafa_sakha won by resignation"]

1. d4 Nf6 2. c4 e6 3. Nc3 Bb4 4.
e3 b6 5. Bd3 Bb7 6. Nf3 O-O 7.
O-O Bxc3 8. bxc3 Be4 9. Be2 d5 10. Nd2 Bg6 11. cxd5 exd5 12. c4 c5 13. Bb2 cxd4 14.
Bxd4 Nc6 15. Bxf6 Qxf6 16. cxd5 Nb4 17. e4 Qd4 18. Bf3 f5 19. exf5 Bxf5 20. Nb3 Qxd1 21. Rfxd1 Rad8 22. Rd2 Rd6 23. a3 Nd3 24. Rad1 Nf4 25.
Nd4 Bd7 26. Nc6 a6 27. Ne5 Be8 28. g3 Nh3+ 29. Kg2 Ng5 30. Bg4 h6 31. f4 Ne4 32.
Rd4 Nc5 33. Nc4 Rdf6 34. d6 Bc6+ 35. Bf3 Bxf3+ 36. Kxf3 Nd7 37. Ne5 Rd8 38. Nxd7 Rxd7 39. Ke4 Kf7 40. f5 g6 41. g4 gxf5+ 42. gxf5 Ke8 43. Ke5 Rff7 44. f6 Kd8 45. Ke6 Rf8 46.
Rg1 Rdf7 47. Rg6 Rh7 48. h4 Re8+ 49. Kf5 Kd7 50. Rg7+ Rxg7 51. fxg7 b5 52. Kg6 a5 53. Kf7 b4 54. axb4 axb4 55. g8=Q Rxg8 56. Kxg8 b3 57. Rb4 Kxd6 58. Rxb3 1-0

[Event "Early-Titled-Tuesday-Blitz-May-28-2024"]
[Site "Chess.com"]
[Date "2024.05.28"]
[Round "10"]
[White "NikFil2013"]
[Black "BarloNadera"]
[Result "0-1"]
[WhiteElo "2450"]
[BlackElo "2115"]
[TimeControl "180+1"]
[EndTime "9:59:02 PDT"]
[Termination "BarloNadera won on time"]

1. d4 d5 2. c4 e6 3. Nc3 c6 4.
e3 Nf6 5. Nf3 Nbd7 6. b3 Bb4 7.
Bd2 Be7 8. Bd3 O-O 9. O-O b6 10. Qc2 h6 11. e4 Bb7 12. Rfe1 a5 13. Rad1 Rc8 14. e5 Ne8 15. cxd5 cxd5 16. Qb1 Nc7 17. Qc1 Na6 18. Bxh6 Rxc3 19. Qxc3 gxh6 20. Qd2 Bg5 21. Nxg5 hxg5 22. Re3 Kg7 23. Rg3 Rh8 24. Rxg5+ Kf8 25. Qf4 Nb4 26. Bb1 Qe7 27. Rg3 Nc6 28. Rf3 Ke8 29. g3 Ba6 30. Re1 Nd8 31. h4 Nf8 32. Qg4 Nd7 33. Qg7 Qf8 34. Qg4 Qh6 35. Rd1 Be2 36.
Re1 Bxf3 37. Qxf3 Rg8 38. Bd3 Qxh4 39. Bb5 Qxd4 40. Rc1 Qxe5 41. Rc8 Ke7 42. Ra8 Qc7 43.
Bxd7 Qxd7 44. Qe3 Qc7 45. Ra6 Nc6 46. Rxb6 Rb8 47. Qc5+ Kd7 48. Ra6 Rb4 49. Kg2 Rb7 50.
a3 Qd6 51. Qc3 d4 52. Qd3 Qd5+ 0-1

[Event "Early-Titled-Tuesday-Blitz-May-28-2024"]
[Site "Chess.com"]
[Date "2024.05.28"]
[Round "10"]
[White "Matols"]
[Black "Kotofeyca"]
[Result "1/2-1/2"]
[WhiteElo "2381"]
[BlackElo "2504"]
[TimeControl "180+1"]
[EndTime "9:59:03 PDT"]
[Termination "Game drawn - insufficient material"]

1. d4 d5 2. c4 c6 3. Nf3 Nf6 4.
Qb3 dxc4 5. Qxc4 Nbd7 6. g3 Nb6 7. Qb3 Bg4 8. Bg2 Bxf3 9. Bxf3 Qxd4 10. O-O e5 11.
Rd1 Qb4 12. Nc3 Qxb3 13. axb3 Bc5 14. Bg5 O-O 15. Bxf6 gxf6 16. Ne4 Be7 17. Bg4 Nd5 18.
Bf5 Rfd8 19. h4 Kg7 20. h5 Bb4 21. Ra4 a5 22. g4 Nf4 23. Rxd8 Rxd8 24. e3 Rd1+ 25.
Kh2 Nd3 26. Ra2 h6 27. Nc3 Rd2 28. Ne4 Rxb2 29. Rxb2 Nxb2 30. Kg2 a4 31. bxa4 Nxa4 32. f3 Nb6 33. Kf2 Nd5 34. Ke2 b5 35. Bd7 Ne7 36.
Nf2 f5 37. Nd3 Bd6 38. gxf5 Kf6 39. e4 c5 40. Bxb5 Kg5 41. Be8 Kxh5 42. Bxf7+ Kg5 43. Nb2 Ng8 44. Bxg8 Bc7 45. Nc4 h5 46. Kf2 h4 47.
Kg2 Kf4 48. Bd5 Bd8 49. Nd6 Be7 50. Nb5 Ke3 51. Nc7 Kd3 52. Ne6 c4 53. Bxc4+ Kxc4 54. Kh3 Kd3 55. Kg4 Ke3 56. Ng7 h3 57. Kxh3 Kxf3 58. Nh5 Kxe4 59. f6 Bxf6 60. Nxf6+ Kf5 61. Nd7 e4 62. Kg3 e3 63. Kf3 e2 64. Kxe2 1/2-1/2

[Event "Early-Titled-Tuesday-Blitz-May-28-2024"]
[Site "Chess.com"]
[Date "2024.05.28"]
[Round "10"]
[White "KnightDuta"]
[Black "TomLiu777"]
[Result "1-0"]
[WhiteElo "2726"]
[BlackElo "2417"]
[TimeControl "180+1"]
[EndTime "9:59:04 PDT"]
[Termination "KnightDuta won on time"]

1. e4 e6 2. d4 d5 3. Nc3 Bb4 4. e5 c5 5. a3 Ba5 6. Bd2 Nc6 7.
Nb5 Bxd2+ 8. Qxd2 Nxd4 9. Nxd4 cxd4 10. f4 Ne7 11. Nf3 Bd7 12. O-O-O Qc7 13. Nxd4 a6 14. g4 Nc6 15. Kb1 Nxd4 16. Qxd4 Rc8 17. Bd3 Qc5 18. Qb4 Qxb4 19. axb4 h5 20. Rdg1 hxg4 21. Rxg4 g6 22. h4 Rh5 23. Rxg6 Ke7 24. Rg5 Rch8 25.
Rxh5 Rxh5 26. Kc1 Bb5 27. Bxb5 axb5 28. Kd2 Kf8 29. Ke3 Kg7 30. Rg1+ Kh7 31. Rg4 b6 32. Kf3 Kh6 33. Kg3 f6 34. exf6 Rf5 35. Rg7 Rxf6 36. Rb7 Rg6+ 37. Kf3 Rf6 38. Rxb6 Kh5 39. Ke3 Kg4 40. Rxb5 Rxf4 41. Rb8 e5 42. Rb5 d4+ 43. Kd3 Rf3+ 44. Kc4 Kf5 45. Rb8 Rh3 46. b5 Rxh4 47. b6 Ke4 48. Rc8 Rh7 49. Rc7 Rh6 50. Kc5 Rh2 51. Kb5 d3 52. b7 1-0

[Event "Early-Titled-Tuesday-Blitz-May-28-2024"]
[Site "Chess.com"]
[Date "2024.05.28"]
[Round "10"]
[White "Polish_fighter3000"]
[Black "Kacparov"]
[Result "1-0"]
[WhiteElo "3114"]
[BlackElo "2944"]
[TimeControl "180+1"]
[EndTime "9:59:05 PDT"]
[Termination "Polish_fighter3000 won by resignation"]

1. d4 Nf6 2. Bg5 c5 3. Bxf6 gxf6 4. d5 f5 5. c4 Bg7 6. Qc1 e6 7. e3 O-O 8. Nc3 d6 9. Nf3 Nd7 10. Be2 a6 11. g3 Rb8 12. O-O Nf6 13. Rd1 Ne4 14. dxe6 Bxe6 15. Nd5 b5 16. Rb1 Kh8 17. a3 Re8 18. Nf4 Qc7 19. Nh5 Be5 20. Nxe5 dxe5 21. cxb5 axb5 22. b4 c4 23. f3 Nd6 24. Qc3 Nc8 25. Nf6 Rf8 26. Nd5 Bxd5 27. Rxd5 Re8 28. Rbd1 Nb6 29. Rxb5 Na4 30. Qxc4 Qxc4 31. Bxc4 Nb2 32.
Rc1 Ra8 33. Ra5 Rxa5 34. bxa5 Rc8 35. a6 Rxc4 36. Rb1 Ra4 37. Rxb2 Rxa3 38. Rb7 Kg7 39. a7 Ra2 40. Kf1 Kg6 41. Ke1 h5 42. h4 Kf6 43.
Kd1 Ke6 44. Kc1 Kd5 45. Kb1 Ra6 46. Kc2 Kc4 47. Rc7+ Kd5 48. Rxf7 Ra3 49. Kb2 Ra6 50. Kc3 Ra4 51. Rxf5 Ra3+ 52. Kb4 Rxa7 53. Rxh5 Ke6 54. f4 exf4 55. exf4 Kf6 56. Rg5 Rc7 57. h5 Rc1 58. g4 Rb1+ 59. Kc5 Rf1 60. Rg6+ Kf7 61. f5 Rc1+ 62. Kd6 Rd1+ 63. Ke5 Re1+ 64. Kf4 Rf1+ 65. Kg5 Rd1 66. h6 Rh1 67. Rg7+ Kf8 68. f6 Ra1 69. h7 1-0

[Event "Early-Titled-Tuesday-Blitz-May-28-2024"]
[Site "Chess.com"]
[Date "2024.05.28"]
[Round "10"]
[White "Kunalm64"]
[Black "Bilan_Danila"]
[Result "1-0"]
[WhiteElo "2669"]
[BlackElo "2539"]
[TimeControl "180+1"]
[EndTime "9:59:05 PDT"]
[Termination "Kunalm64 won by resignation"]

1. e4 c6 2. d4 d5 3. e5 c5 4. Nf3 Nc6 5. dxc5 Bg4 6. c3 e6 7. Bb5 Qc7 8. O-O Bxc5 9. Re1 Bxf2+ 10. Kxf2 Qb6+ 11. Be3 Qxb5 12. Qb3 Qxb3 13. axb3 Bxf3 14. Kxf3 Nxe5+ 15. Ke2 Nc6 16. b4 a6 17. b5 Nce7 18. Nd2 Nf6 19. Bc5 Kd7 20. bxa6 bxa6 21. Ra4 Rhb8 22.
b4 Nc6 23. Rea1 a5 24. Nb3 Ne4 25. Kd3 Ne5+ 26. Kc2 Nc4 27. Bd4 e5 28. Bg1 f6 29.
Nxa5 Nxa5 30. Rxa5 Rxa5 31. Rxa5 Rc8 32. Ra3 Kc6 33.
Kb2 Nd6 34. Ra6+ Kd7 35. Bf2 Ne4 36. Be1 Nd6 37. Kb3 f5 38. Ra5 Ke6 39. Ra6 Kd7 40. Ra5 Ke6 41. Ra6 f4 42. Bf2 Kd7 43.
Ra5 Ne4 44. Be1 Ke6 45. Ra6+ Kf5 46. Ra7 g5 47. Rxh7 g4 48. Rf7+ Nf6 49. Bh4 Ke4 50. Rxf6 d4 51. cxd4 exd4 52. Be1 Rc1 53. Bd2 Rg1 54.
b5 Rxg2 55. Rxf4+ Ke5 56. Bc1 Rg1 57. Kb2 Rxc1 58. Kxc1 Kxf4 59. b6 Kf3 60. b7 Kg2 61.
b8=Q 1-0

[Event "Early-Titled-Tuesday-Blitz-May-28-2024"]
[Site "Chess.com"]
[Date "2024.05.28"]
[Round "10"]
[White "secrethawk1"]
[Black "manitodeplomo"]
[Result "0-1"]
[WhiteElo "2411"]
[BlackElo "2555"]
[TimeControl "180+1"]
[EndTime "9:59:05 PDT"]
[Termination "manitodeplomo won by checkmate"]

1. d4 c5 2. c3 d5 3. Nf3 Nf6 4. Bf4 Qb6 5. Qb3 c4 6. Qxb6 axb6 7. a3 b5 8. Nbd2 Nc6 9. Rc1 h6 10. h3 Bf5 11. e3 e6 12. Bh2 Be7 13. Be2 Nd7 14. O-O Nb6 15. Ne5 Na4 16. f3 Nxe5 17.
Bxe5 f6 18. Bh2 Nxb2 19. e4 Bh7 20. Ra1 Na4 21. Rfc1 Kd7 22. Bg3 Kc6 23. Be1 Nb6 24. Nb1 dxe4 25. fxe4 Bxe4 26. Bf3 Bxf3 27. gxf3 Nd5 28.
Bd2 e5 29. dxe5 fxe5 30. Be1 Rhd8 31. Nd2 Nf4 32. Rc2 Nxh3+ 33. Kf1 Nf4 34. a4 Rxa4 35. Rxa4 bxa4 36. Nxc4 Bd6 37. Rd2 b5 38. Nxe5+ Kc7 39. Nf7 Rd7 40. Nh8 g5 41. Rb2 Kc6 42. Ra2 Rh7 43.
c4 bxc4 44. Bc3 Rb7 45. Rxa4 Kd5 46. Ra5+ Bc5 47. Ra6 Nd3 48. Rxh6 Rb3 49. Bd2 Nf4 50. Bxf4 Rxf3+ 51. Ke2 Rxf4 52. Ng6 Re4+ 53. Kd2 Bb4+ 54. Kd1 Re1+ 55. Kc2 Re2+ 56. Kd1 Rd2+ 57. Kc1 c3 58. Ne7+ Bxe7 59. Rg6 Ba3+ 60. Kb1 c2+ 61. Ka2 c1=Q+ 62. Kb3 Qb2+ 63. Ka4 Qb4# 0-1

[Event "Early-Titled-Tuesday-Blitz-May-28-2024"]
[Site "Chess.com"]
[Date "2024.05.28"]
[Round "10"]
[White "Matsanovic"]
[Black "ImportedItalianMaple"]
[Result "0-1"]
[WhiteElo "2613"]
[BlackElo "2544"]
[TimeControl "180+1"]
[EndTime "9:59:07 PDT"]
[Termination "ImportedItalianMaple won by resignation"]

1. e4 c5 2. Nf3 a6 3. g3 b5 4. Bg2 Bb7 5. d3 e6 6. a4 Nc6 7. O-O g6 8. d4 cxd4 9. Nxd4 Bg7 10. Nb3 d6 11. axb5 axb5 12. Rxa8 Bxa8 13. Nc3 Qb8 14. Bf4 e5 15. Be3 Nge7 16. Nd5 O-O 17. Nxe7+ Nxe7 18. Qd2 Rd8 19. Bg5 f6 20. Be3 Bf8 21. Rd1 d5 22.
Bc5 d4 23. c3 Nc6 24. Bxf8 Kxf8 25. cxd4 Nxd4 26. Nxd4 Rxd4 27. Qh6+ Kg8 28. Rxd4 exd4 29.
Qd2 Qd6 30. e5 Qa6 31. Bxa8 Qa1+ 32. Kg2 Qxa8+ 33. f3 fxe5 34. Qb4 Qd5 35. h4 d3 36.
Qd2 e4 37. fxe4 Qxe4+ 38. Kf2 Qd4+ 39. Kf3 Kf7 40. b3 Ke6 41. Qe3+ Kd5 42. Qe7 Qe5 43. Qd7+ Qd6 44. Qxb5+ Qc5 45. Qxd3+ Kc6 46. Qe4+ Kd6 47.
Qf4+ Kd7 48. Qf7+ Kd8 49. Qg8+ Ke7 50. Qxh7+ Kf6 51. Qh8+ Kf7 52. Qb2 Qd5+ 53. Kf2 Qc5+ 54. Kg2 Qd5+ 55. Kh2 Qb5 56. b4 Kg8 57. Qb3+ Kh7 58.
Qb2 Kg8 59. Kg2 Kh7 60. Qd2 Qc6+ 61. Kh2 Qb5 62. Qe1 Kh6 63. Qe3+ Kh7 64. Qe7+ Kh6 65.
Qg5+ Kg7 66. Qe5+ Qxe5 67. h5 Qb2+ 68. Kh3 Qxb4 69. hxg6 Kxg6 0-1

[Event "Early-Titled-Tuesday-Blitz-May-28-2024"]
[Site "Chess.com"]
[Date "2024.05.28"]
[Round "10"]
[White "HajiyevKanan"]
[Black "KorolDimitriy75"]
[Result "0-1"]
[WhiteElo "2501"]
[BlackElo "2389"]
[TimeControl "180+1"]
[EndTime "9:59:12 PDT"]
[Termination "KorolDimitriy75 won by resignation"]

1. d4 Nf6 2. Nf3 g6 3. Bg5 Bg7 4. e3 c5 5. c3 Qb6 6. Qb3 d5 7. Nbd2 Nc6 8. Be2 c4 9. Qxb6 axb6 10. O-O b5 11. a3 h6 12. Bh4 g5 13. Bg3 Bf5 14.
Rfe1 e6 15. h4 g4 16. Ne5 h5 17. Kh2 Nd7 18. Nxd7 Kxd7 19. f3 Rag8 20. e4 gxf3 21. Bxf3 dxe4 22. Nxe4 Bxe4 23. Bxe4 Bf8 24. d5 exd5 25.
Bxd5 Bd6 26. Bxd6 Kxd6 27. Rad1 Rg7 28. Bxc4+ Kc5 29. Bd3 Rhg8 30. Be4 Rg4 31. Rd5+ Kb6 32. Rxh5 Re8 33. Bf3 Rxh4+ 34. Rxh4 Rxe1 35. Rh7 Rb1 36. b4 Rb2 37. Rxf7 Rb3 38. Bxc6 bxc6 39. Rf3 Rxa3 40. g4 Ra8 41. g5 Rg8 42. Rg3 Kc7 43. Kh3 Kd6 44.
Kh4 Ke5 45. Kg4 Ke4 46. Kh5 Kf4 47. Rg4+ Kf5 48. Kh4 Rh8+ 49. Kg3 Rg8 50. g6 Rxg6 51. Rxg6 Kxg6 52. Kg4 Kf6 53. Kf4 Ke6 54. Ke4 Kd6 55. Kd4 Kd7 56. Kc5 Kc7 57. Kd4 Kd6 58. Ke4 Ke6 59. Kd4 Kd6 60. Kd3 Kd5 61. Ke3 Kc4 62.
Kd2 Kb3 63. Kd3 Kb2 64. c4 Kb3 65. cxb5 cxb5 66. Kd2 Kxb4 67. Kc1 Kc3 68. Kb1 Kb3 69. Kc1 Ka2 0-1

[Event "Early-Titled-Tuesday-Blitz-May-28-2024"]
[Site "Chess.com"]
[Date "2024.05.28"]
[Round "10"]
[White "TrahtarBelarus"]
[Black "Vesper2018"]
[Result "1-0"]
[WhiteElo "2780"]
[BlackElo "2576"]
[TimeControl "180+1"]
[EndTime "9:59:13 PDT"]
[Termination "TrahtarBelarus won on time"]

1. c4 Nf6 2. g3 g6 3. Bg2 Bg7 4. Nc3 O-O 5. d4 d6 6. h3 Nc6 7. Nf3 e5 8. Be3 Bd7 9. O-O h6 10. dxe5 dxe5 11. Rc1 Qc8 12. Kh2 Re8 13. Nd5 Kh7 14.
Qd2 Ne4 15. Qc2 f5 16. Rfd1 Be6 17. b4 Ne7 18. Nh4 Nf6 19. Bc5 Neg8 20. e4 fxe4 21. Bxe4 Nxe4 22. Qxe4 Bf5 23. Nxf5 gxf5 24. Qh4 c6 25. Ne3 Qe6 26. g4 fxg4 27. Nxg4 b6 28. Rd6 Qf5 29. Be3 Re6 30. Rxe6 Qxe6 31. Rg1 Rf8 32.
c5 bxc5 33. Bxc5 Rf7 34. Be3 e4 35. Qh5 Rf5 36. Qh4 a6 37. a4 Rf3 38. Rg3 Rxg3 39.
Kxg3 Qb3 40. Qh5 Qd5 41. Qe8 h5 42. Nh2 Be5+ 43. Kg2 Bf6 44. Nf1 Qf5 45. Ng3 Qf3+ 46. Kg1 Qd1+ 47. Kh2 Qd6 48. Qxh5+ Kg7 49. Kg2 Ne7 50.
Nxe4 Qd5 51. Qh6+ Kg8 52. Qxf6 Qxe4+ 53. Qf3 Qh7 54. Qg4+ Qg6 55. Bc5 Qxg4+ 56. hxg4 Nd5 57. Kg3 Nc3 58. a5 Ne4+ 59. Kf4 Nd2 60. Ke5 Kf7 61.
Kd6 Ne4+ 62. Kxc6 Nxf2 63. Bxf2 1-0

[Event "Early-Titled-Tuesday-Blitz-May-28-2024"]
[Site "Chess.com"]
[Date "2024.05.28"]
[Round "10"]
[White "Fh2411"]
[Black "Statham_01"]
[Result "0-1"]
[WhiteElo "2551"]
[BlackElo "2705"]
[TimeControl "180+1"]
[EndTime "9:59:14 PDT"]
[Termination "Statham_01 won on time"]

1. d4 e5 2. dxe5 d6 3. Nf3 Nc6 4. Bg5 Be7 5. Bxe7 Qxe7 6. exd6 cxd6 7. c3 Nf6 8. e3 Bg4 9. Nbd2 O-O-O 10. Bb5 Ne5 11.
Be2 h5 12. h3 Kb8 13. Nb3 Ne4 14. Nbd4 Bd7 15. Qc2 f5 16. Bd3 Nc5 17. Be2 g5 18. Nxf5 Qh7 19. N3d4 Rhf8 20. e4 d5 21. f3 dxe4 22. fxe4 Bxf5 23. exf5 g4 24. hxg4 Qh6 25. Qd2 Qb6 26. O-O-O hxg4 27. Qc2 Ka8 28. Kb1 a6 29. Rhf1 Rf6 30. Rf4 Rfd6 31. Bxg4 Nc4 32. Qc1 Na4 33. Rf2 Rd5 34. Ka1 Ra5 35. Bf3 Nc5 36. Kb1 Ka7 37.
Be2 Na3+ 38. Ka1 Ne4 39. Rf3 Nb5 40. Bxb5 axb5 41. Nb3 Ra8 42. Nxa5 Qxa5 43. a3 Nc5 44. Qe3 Qb6 45. Kb1 Rc8 46. Rd5 Ka8 47. Qd4 Qc6 48. f6 Qe6 49. f7 Qe1+ 50. Ka2 Rf8 51. Rd8+ Ka7 52. Rxf8 Qe6+ 53. Kb1 b6 54. Re8 Qg6+ 0-1